 Dungeon Crawl Stone Soup version 0.27-a0-1324-ge0d8e047f6 (webtiles) character file.

Game seed: 9000189694605958445

77 Kold the Shield-Bearer (level 4, -1/29 HPs)
             Began as a Gargoyle Fighter on June 23, 2021.
             Slain by Robin (4 damage)
             ... on level 2 of the Dungeon.
             The game lasted 00:02:26 (2183 turns).

Kold the Shield-Bearer (Gargoyle Fighter)           Turns: 2183, Time: 00:02:27

Health: -1/29      AC: 10    Str: 21    XL:     4   Next: 33%
Magic:  4/4        EV:  7    Int:  8    God:
Gold:   52         SH:  9    Dex:  9    Spells: 3/3 levels left

rFire    . . .     SeeInvis .   a - +0 flail
rCold    . . .     Faith    .   c - +0 kite shield
rNeg     + . .     Spirit   .   b - +0 scale mail
rPois    ∞         Reflect  .   (no helmet)
rElec    +         Harm     .   (no cloak)
rCorr    .         Rampage  .   (no gloves)
Will     .....                  (no boots)
Stlth    ..........             (no amulet)
HPRegen  0.09/turn              (no ring)
MPRegen  0.09/turn              (no ring)

@: no status effects
A: sickness immunity, AC +3, negative energy resistance 1, electricity
resistance, torment resistance 1, petrification resistance
a: no special abilities


You were on level 2 of the Dungeon.
You visited 1 branch of the dungeon, and saw 2 of its levels.

You collected 52 gold pieces.

Inventory:

Hand Weapons
 a - a +0 flail (weapon)
Missiles
 j - 6 atropa-tipped darts (quivered)
Armour
 b - a +0 scale mail (worn)
 c - a +0 kite shield (worn)
Scrolls
 e - a scroll of magic mapping {unknown}
 h - a scroll of teleportation {unknown}
 i - a scroll of identify {unknown}
Potions
 d - a potion of might
 f - a potion of magic {unknown}
 g - a potion of mutation {unknown}


   Skills:
 - Level 3.6 Fighting
 * Level 3.3 Maces & Flails
 - Level 3.6 Armour
 - Level 4.0 Shields


You had 3 spell levels left.
You didn't know any spells.
Your spell library was empty.

Dungeon Overview and Level Annotations

Branches:
Dungeon (2/15)

Altars:

Annotations:
D:2 Robin


Innate Abilities, Weirdness & Mutations

You are immune to sickness and miasma.
Your stone body is resilient. (AC +3)
You are immune to poison.
You resist negative energy. (rN+)
You are resistant to electric shocks. (rElec)
You are resistant to unholy torment.
You are immune to petrification.


Message History

The goblin hits you but does no damage.
There is a stone staircase leading up here.
You hit the goblin.
You kill the goblin!
The hobgoblin hits you but does no damage.
The hobgoblin hits you.
You barely miss the hobgoblin. The goblin closely misses you.
Robin roars a battlecry!
The goblins go into a battle-frenzy!
The hobgoblin completely misses you. The goblin barely misses you.
Robin hits you but does no damage. You block the hobgoblin's attack.
You block the goblin's attack. Robin throws the goblin at you!
You climb upwards.
There is a stone staircase leading down here.
You thump the hobgoblin!
You kill the hobgoblin!
You block the goblin's attack.
You hit the goblin.
You kill the goblin!
No target in view!
No target in view!
You start resting.
HP restored.
You climb downwards.
Level annotation: Robin Robin roars a battlecry!
There is a stone staircase leading up here.
You sock the kobold!
You kill the kobold!
Robin hits you from afar with a +1 spear of pain.
Robin hits you with a +1 spear of pain!
You barely miss Robin. The goblin hits you with a +0 club.
Robin barely misses you. The goblin hits you with a +0 club.
You are too injured to fight recklessly!
Robin hits you from afar with a +1 spear of pain.
The goblin hits you with a +0 club.
* * * LOW HITPOINT WARNING * * *
Robin hits you from afar with a +1 spear of pain.
You die...

.............# #....###.....##
#.#..#####.#.# #....##.......#
#.#..# #.#.# #....##......>#
..#..#####.#.#####.#..##.......#
###......#......##.#..###.†...###
###.##..............# ##...## #
#.####.####.##.#.## #.### # #†#
#.# #.......## #.# # #.# #.#
#.@#.#.#.###.### # #.# #.#
#(.............# # #####.####.##
#.g#g#.#.###.#.####
.......##...##.#......####.#.....
#####..#......###.##.......######
#.........# ##...[######
##.#......###.###.#
#.##...##.#.## # #.###.####g##


You could see Robin and a goblin (strong).

Vanquished Creatures
  2 adders (D:2)
  A worm (D:2)
  A dart slug (D:1)
  3 bats
  5 endoplasms
  5 hobgoblins
  4 jackals (D:1)
  4 kobolds
  2 quokkas (D:1)
  3 ball pythons
  5 frilled lizards
  11 goblins
  2 rats (D:2)
48 creatures vanquished.

Notes
Turn   | Place    | Note
-------+----------+-------------------------------------------
     0 | D:1      | Kold the Gargoyle Fighter began the quest for the Orb.
     0 | D:1      | Reached XP level 1. HP: 14/14 MP: 1/1
   165 | D:1      | Reached XP level 2. HP: 19/19 MP: 2/2
   510 | D:1      | Found a faded altar of an unknown god.
   922 | D:1      | Reached XP level 3. HP: 16/23 MP: 3/3
  1760 | D:2      | Reached XP level 4. HP: 20/29 MP: 4/4
  1876 | D:2      | Noticed Robin
  1907 | D:1      | Reached skill level 4 in Shields
  2183 | D:2      | Slain by Robin

Illustrated notes

Levels and vault maps discovered:
D:1:      amcnicky_arrival_blooded_trapdoor, layout_basic,
          shapermc_ecumenical_altar_gd, serial_corexii_hall,
          chequers_hall_statues_y, corexii_hall_statues_i,
          wander_ebering_terrifying_dragon_lair
D:2:      layout_loops_ring, minmay_vboxes, uniq_robin, uniq_crazy_yiuf_cottage

Skill      XL: |  1  2  3  4 |
---------------+-------------+-----
Maces & Flails | 3 |  3.3
Shields        | 4 |  4.0
Fighting       | |  3.6
Armour         | |  3.6

Action                   |  1- 3 |  4- 6 || total
-------------------------+-------+-------++-------
Melee: Flail             |   102 |    45 ||   147
Armor: Scale mail        |    76 |    45 ||   121
Dodge: Dodged            |    46 |    18 ||    64
Block: Kite shield       |    65 |    40 ||   105

Table legend: (Time is in decaauts)
 A = Elapsed time spent in this place.
 B = Non-inter-level travel time spent in this place.
 C = Inter-level travel time spent in this place.
 D = Time resting spent in this place.
 E = Time spent auto-exploring this place.
 F = Levels seen in this place.
 G = Mean time per level.
                   A        B        C        D        E       F      G
               +--------+--------+--------+--------+--------+-----+--------+
         Total |   2260 |   2218 |     42 |    701 |   1160 |   2 | 1130.0 |
       Dungeon |   2260 |   2218 |     42 |    701 |   1160 |   2 | 1130.0 |
               +--------+--------+--------+--------+--------+-----+--------+

Top non-repeatable levels by time:
     D:1: 1550 daAuts
     D:2: 710 daAuts
